 Dungeon Crawl Stone Soup version 0.21-a0-265-gb353147 (webtiles) character file.

85 Dipster the Ruffian (level 4, -1/38 HPs)
             Began as a Naga Transmuter on Sept 12, 2017.
             Killed by divine providence
             ... invoked by an orc priest
              (14 damage)
             ... on level 3 of the Dungeon.
             The game lasted 00:05:35 (3463 turns).

Dipster the Ruffian (Naga Transmuter)               Turns: 3463, Time: 00:05:36

Health: -1/38      AC:  2    Str: 13    XL:     4   Next: 48%
Magic:  2/7        EV: 10    Int: 14    God:
Gold:   14         SH:  0    Dex: 11    Spells: 4/7 levels left

rFire    . . .     SeeInvis +     - Unarmed
rCold    . . .     Gourm    .   (no shield)
rNeg     . . .     Faith    .   j - +0 robe
rPois    +         Spirit   .   (no helmet)
rElec    .         Reflect  .   (no cloak)
rCorr    .         Harm     .   (no gloves)
MR       .....                  (no barding)
Stlth    +.........             (no amulet)
HPRegen  0.12/turn              (no ring)
MPRegen  0.10/turn              (no ring)

@: very slightly contaminated, very slow
A: see invisible, deformed body, poison resistance, slowness 2, slow metabolism
1, spit poison 1, AC +1
a: Spit Poison


You were on level 3 of the Dungeon.
You were not hungry.

You visited 1 branch of the dungeon, and saw 3 of its levels.

You collected 14 gold pieces.

Inventory:

Hand Weapons
 b - a +0 hunting sling
Missiles
 a - 32 arrows
Armour
 j - a +0 robe (worn)
Scrolls
 h - a scroll of enchant armour {unknown}
 i - a scroll of fog {unknown}
 k - a scroll of magic mapping {unknown}
 n - a scroll of identify {unknown}
Books
 c - a book of Changes

   Spells                             Type                      Level
   a - Beastly Appendage              Transmutation                1
   b - Sticks to Snakes               Transmutation                2
   c - Spider Form                    Transmutation/Poison         3
   d - Ice Form                       Ice/Transmutation            4
   e - Blade Hands                    Transmutation                5
Comestibles
 d - a bread ration
 f - 2 royal jellies
 g - a chunk of flesh
 m - 2 meat rations


   Skills:
 - Level 1.0 Fighting
 - Level 1.5 Dodging
 * Level 4.6 Unarmed Combat
 - Level 2.0 Spellcasting
 + Level 2.8 Transmutations


You had 4 spell levels left.
You knew the following spells:

 Your Spells              Type           Power        Failure   Level  Hunger
a - Beastly Appendage     Tmut           #.....       8%          1    ##.....
b - Sticks to Snakes      Tmut           #.......     12%         2    ###....


Dungeon Overview and Level Annotations

Branches:
Dungeon (3/15)

Altars:
Kikubaaqudgha
Makhleb

Annotations:
D:2 Sigmund


Innate Abilities, Weirdness & Mutations

You cannot wear boots.
Your serpentine skin is tough. (AC +1)
You have supernaturally acute eyesight. (SInv)
Armour fits poorly on your strangely shaped body.
Your system is resistant to poisons. (rPois)
You cover ground very slowly.
You have a slow metabolism.
You can spit poison.


Message History

The jackal bites you but does no damage.
The jackal closely misses you.
You swap places.
The jackal bites your ball python.
Your ball python closely misses the jackal. x2
The jackal bites your ball python.
Your ball python dies!
The jackal bites you but does no damage.
Casting: Sticks to Snakes
Confirm with . or Enter, or press ? or * to list all spells.
You don't know that spell.
The jackal closely misses you.
Casting: Sticks to Snakes
Confirm with . or Enter, or press ? or * to list all spells.
You don't know that spell.
You hit the jackal.
You kill the jackal!
The orc priest hits you with a whip.
The orc priest mumbles some strange prayers to Beogh against you.
Beogh smites you!
You die...

#.# #.# #.#
#.# ######
#.# #....#
#.# #.##.#
#.#
#.##.###o#
##.##...@.##
#..........#
#..........#
#..........#
#....[.....#
###)#########
#...# #.###
#.#######


You could see an orc priest.

Vanquished Creatures
  An orc wizard (D:3)
  An adder (D:2)
  A dart slug (D:1)
  2 leopard geckos (D:1)
  An orc (D:3)
  5 bats
  3 giant cockroaches
  4 goblins (D:1)
  3 hobgoblins (D:1)
  5 jackals
  2 quokkas (D:2)
  2 ball pythons (D:1)
  2 frilled lizards
  5 kobolds
  4 rats
41 creatures vanquished.

Notes
Turn   | Place    | Note
-------+----------+-------------------------------------------
     0 | D:1      | Dipster the Naga Transmuter began the quest for the Orb.
     0 | D:1      | Reached XP level 1. HP: 18/18 MP: 3/3
   497 | D:1      | Reached XP level 2. HP: 13/25 MP: 5/5
  1153 | D:1      | Reached XP level 3. HP: 10/31 MP: 6/6
  1583 | D:2      | Reached skill level 4 in Unarmed Combat
  1609 | D:2      | Noticed Sigmund
  2282 | D:2      | Learned a level 2 spell: Sticks to Snakes
  3327 | D:2      | Found a burning altar of Makhleb.
  3327 | D:2      | Found an ancient bone altar of Kikubaaqudgha.
  3447 | D:3      | Reached XP level 4. HP: 34/38 MP: 7/7
  3463 | D:3      | Killed from afar by an orc priest

Vault maps used:
D:1:      matt_arrival_spirals, st_stairs_5
D:2:      gammafunk_temple_overflow_statue, glass_columns_a, uniq_sigmund
D:3:      okawaru_metal_pillars_1_2

Skill      XL: |  1  2  3 |
---------------+----------+-----
Unarmed Combat | 4 |  4.6
Fighting       | |  1.0
Dodging        | |  1.5
Spellcasting   | |  2.0
Transmutations | |  2.8

Action                   |  1- 3 |  4- 6 || total
-------------------------+-------+-------++-------
Melee: Unarmed           |   117 |     1 ||   118
       Headbutt          |     1 |       ||     1
 Fire: Hunting sling     |    10 |       ||    10
Throw: Stone             |     3 |       ||     3
 Cast: Beastly Appendage |     3 |       ||     3
       Sticks to Snakes  |       |     2 ||     2
 Abil: Spit Poison       |     6 |       ||     6
  Use: Potion            |     2 |       ||     2
       Scroll            |       |     1 ||     1
 Stab: Sleeping          |     1 |       ||     1
  Eat: Chunk             |     2 |       ||     2
       Bread ration      |     1 |       ||     1
Armor: Robe              |    31 |     3 ||    34
Dodge: Dodged            |    79 |     4 ||    83

Table legend:
 A = Spawn XP
 B = Non-spawn XP
 C = Spawn XP percentage of total XP
 D = Spawn monster count
 E = Non-spawn monster count
 F = Spawn count percentage of total count
 G = Total turns spent on level
                    A         B        C        D         E        F      G
               +---------+---------+-------+---------+---------+-------+---------
         Total |       0 |     122 |   0.0 |       0 |      41 |   0.0 |  3463
               +---------+---------+-------+---------+---------+-------+---------
           D:1 |       0 |      42 |   0.0 |       0 |      23 |   0.0 |  2671
           D:2 |       0 |      33 |   0.0 |       0 |      14 |   0.0 |   709
           D:3 |       0 |      47 |   0.0 |       0 |       4 |   0.0 |    83
               +---------+---------+-------+---------+---------+-------+---------
